 Dungeon Crawl Stone Soup version 0.27-a0-686-gaed091b46b (webtiles) character file.

Game seed: 6247456202239028843

350 acebull12 the Poker (level 6, -1/47 HPs)
             Began as a Demonspawn Gladiator on Mar 20, 2021.
             Succumbed to a gnoll's poison
             ... on level 4 of the Dungeon.
             The game lasted 00:15:48 (5365 turns).

acebull12 the Poker (Demonspawn Gladiator)          Turns: 5365, Time: 00:15:49

Health: -1/47      AC:  5    Str: 16    XL:     6   Next: 33%
Magic:  6/6        EV: 12    Int:  9    God:
Gold:   141        SH:  0    Dex: 15    Spells: 5/5 levels left

rFire    . . .     SeeInvis .   f - +1 trident (vamp)
rCold    . . .     Faith    .   (no shield)
rNeg     . . .     Spirit   .   b - +0 leather armour
rPois    .         Reflect  .   (helmet restricted)
rElec    .         Harm     .   (no cloak)
rCorr    .         Rampage  .   (no gloves)
Will     .....                  (no boots)
Stlth    +.........             (no amulet)
HPRegen  0.15/turn              (no ring)
MPRegen  0.10/turn              (no ring)

@: lethally poisoned (-1 -> -18), berserk cooldown, slowed, very slow
A: antennae 1, slimy green scales 1
a: no special abilities


You were on level 4 of the Dungeon.
You visited 1 branch of the dungeon, and saw 4 of its levels.
You also visited: Sewer.

You collected 141 gold pieces.

Inventory:

Hand Weapons
 a - a +0 trident
 f - a +1 vampiric trident (weapon)
Missiles
 d - 3 throwing nets (quivered)
Armour
 b - a +0 leather armour (worn)
 c - a +0 helmet
Scrolls
 i - a scroll of amnesia {unknown}
 m - 3 scrolls of identify
 n - a scroll of fog
 o - 2 scrolls of teleportation
Potions
 g - a potion of lignification {unknown}
 h - a potion of mutation {unknown}
 j - a potion of attraction {unknown}
 l - 2 potions of might
 p - a potion of flight
 q - a potion of degeneration {unknown}


   Skills:
 * Level 3.5 Fighting
 * Level 4.8 Polearms
 + Level 1.7 Throwing
 * Level 2.4 Armour
 + Level 3.2 Dodging
 + Level 0.6 Stealth


You had 5 spell levels left.
You didn't know any spells.
Your spell library contained the following spells:

 Spells                   Type           Power      Damage    Failure   Level
 Animate Skeleton         Necr           0%         N/A       43%         1
 Apportation              Tloc           0%         N/A       43%         1
 Corona                   Hex            0%         N/A       43%         1
 Summon Small Mammal      Summ           0%         N/A       43%         1
 Confusing Touch          Hex            0%         N/A       82%         3
 Gell's Gravitas          Tloc           0%         N/A       82%         3
 Petrify                  Tmut/Erth      0%         N/A       99%         4
 Metabolic Englaciation   Hex/Ice        0%         N/A       100%        5
 Yara's Violent Unravell  Hex/Tmut       0%         3d3       100%        5


Dungeon Overview and Level Annotations

Branches:
Dungeon (4/15)              Sewer (visited)
 Temple: D:4-7

Altars:
Ru


Innate Abilities, Weirdness & Mutations

You have a pair of small antennae on your head.
You are partially covered in slimy green scales. (AC +2)


Message History

You are too injured to fight recklessly!
You are too injured to fight recklessly!
The gnoll throws a poisoned dart.
The poisoned dart hits you!
You are poisoned.
You feel sick.
You feel sick.
The gnoll throws a poisoned dart.
The poisoned dart hits you!
You are lethally poisoned!
* * * LOW HITPOINT WARNING * * *
You feel sick.
* * * LOW HITPOINT WARNING * * *
You feel sick.
* * * LOW HITPOINT WARNING * * *
You feel sick.
* * * LOW HITPOINT WARNING * * *
You feel sick.
Okay, then.
It was a potion of berserk rage.
A red film seems to cover your vision as you go berserk!
You feel yourself moving faster!
You feel mighty!
You feel sick.
You are too berserk!
You feel a strong urge to attack something.
The gnoll throws a poisoned dart.
The poisoned dart closely misses you.
You feel sick.
You feel your anger nearly subside.
You feel sick.
You are no longer berserk.
You are exhausted.
You feel yourself slow down.
* * * LOW HITPOINT WARNING * * *
You feel sick.
The gnoll throws a poisoned dart.
The poisoned dart hits you!
You are more poisoned.
* * * LOW HITPOINT WARNING * * *
You feel very sick.
The gnoll throws a poisoned dart.
The poisoned dart closely misses you.
* * * LOW HITPOINT WARNING * * *
You feel sick.
The gnoll throws a poisoned dart.
The poisoned dart hits you!
You are more poisoned.
* * * LOW HITPOINT WARNING * * *
You feel very sick.
You die...

##..# ##.......... #.)#
#........... ##.## ##...........
#..# ##..###....### #..##
##............. ##..#
##......(....... ### #..##
###............... ..## ##..#
##................$ ...## #..##
##..@...............
....###...###..###############..
......##..##..## .......#...g###
...........## ..........##
.......##.## ......####.#
.....## #.#


You could see a gnoll.

Vanquished Creatures
  A scorpion (D:4)
  An orc priest (D:3)
  A bullfrog skeleton (D:4)
  2 iguanas (D:3)
  A centaur skeleton (D:4)
  2 orc wizards (D:2)
  3 adders
  2 oozes
  An adder skeleton (D:4)
  3 worms
  4 leopard geckos
  3 orcs
  4 giant cockroaches
  4 goblins
  6 hobgoblins
  4 jackals (Sewer)
  6 ball pythons
  13 bats
  3 frilled lizards
  2 kobolds
  A quokka skeleton (D:4)
  9 rats
76 creatures vanquished.

Vanquished Creatures (others)
  A plant (D:4)
1 creature vanquished.

Grand Total: 77 creatures vanquished

Notes
Turn   | Place    | Note
-------+----------+-------------------------------------------
     0 | D:1      | acebull12 the Demonspawn Gladiator began the quest for the
                  | Orb.
     0 | D:1      | Reached XP level 1. HP: 16/16 MP: 1/1
   397 | D:1      | Gained mutation: You are partially covered in slimy green
                  | scales. (AC +2) [demonic ancestry]
   397 | D:1      | Reached XP level 2. HP: 19/22 MP: 2/2
   682 | D:1      | Reached skill level 3 in Polearms
  1186 | D:2      | Found a sacrificial altar of Ru.
  1195 | D:2      | Reached XP level 3. HP: 28/28 MP: 3/3
  1379 | D:2      | Gained mutation: You have a pair of small antennae on your
                  | head. [demonic ancestry]
  1379 | D:2      | Reached XP level 4. HP: 34/34 MP: 4/4
  2032 | D:3      | Reached skill level 1 in Armour
  2038 | D:3      | Found a glowing drain.
  2045 | Sewer    | Entered a sewer
  2065 | Sewer    | Reached skill level 4 in Polearms
  3554 | D:3      | Reached XP level 5. HP: 27/41 MP: 5/5
  3762 | D:3      | HP: 1/41 [orc/+0 dagger (6)]
  4746 | D:4      | Reached XP level 6. HP: 36/47 MP: 6/6
  5364 | D:4      | HP: 1/47 [poisoned by a gnoll]
  5365 | D:4      | Succumbed to a gnoll's poison

Illustrated notes

Levels and vault maps discovered:
D:1:      dpeg_arrival_circle_labyrinth_a, layout_basic, minmay_tromino_v4_c
D:2:      layout_loops_ring, nicolae_ru_great_annihilating_truth
D:3:      layout_loops_corners, portal_sewer_entry_e
D:4:      lemuel_castle_with_subvaults [lemuel_castle_interior_carwin_1],
          layout_cave_pods, uniq_pikel

Skill      XL: |  1  2  3  4  5 |
---------------+----------------+-----
Polearms       | 3 4 |  4.8
Armour         | 1 2 |  2.4
Dodging        | 3 |  3.2
Fighting       | 3 |  3.5
Throwing       | |  1.7
Stealth        | |  0.6

Action                   |  1- 3 |  4- 6 || total
-------------------------+-------+-------++-------
Melee: Trident           |    87 |   192 ||   279
  Use: Scroll            |       |     5 ||     5
       Potion            |       |     3 ||     3
 Stab: Sleeping          |     3 |     3 ||     6
       Paralysed         |     1 |       ||     1
Armor: Leather armour    |    23 |    51 ||    74
Dodge: Dodged            |    31 |   142 ||   173

Table legend: (Time is in decaauts)
 A = Elapsed time spent in this place.
 B = Non-inter-level travel time spent in this place.
 C = Inter-level travel time spent in this place.
 D = Time resting spent in this place.
 E = Time spent auto-exploring this place.
 F = Levels seen in this place.
 G = Mean time per level.
                   A        B        C        D        E       F      G
               +--------+--------+--------+--------+--------+-----+--------+
         Total |   5567 |   5171 |    396 |   1370 |   2497 |   5 | 1113.4 |
       Dungeon |   4760 |   4364 |    396 |   1201 |   2229 |   4 | 1190.0 |
         Sewer |    807 |    807 |      0 |    169 |    267 |   1 |  807.0 |
               +--------+--------+--------+--------+--------+-----+--------+

Top non-repeatable levels by time:
     D:2: 1625 daAuts
     D:3: 1249 daAuts
     D:1: 1198 daAuts
   Sewer: 807 daAuts
     D:4: 686 daAuts
